 Dungeon Crawl Stone Soup version 0.32-a0-913-g739538afd8 (webtiles) character file.

Game seed: 12853442434937788491

3419 smashvw the Grappler (level 9, -1/88 HPs)
             Began as a Troll Fighter on Apr 8, 2024.
             Was a Priest of Okawaru.
             Slain by an orc warrior
             ... wielding a +0 glaive
              (14 damage)
             ... in a bailey.
             The game lasted 00:17:18 (6017 turns).

smashvw the Grappler (Troll Fighter)                Turns: 6017, Time: 00:17:19

Health: -1/88      AC:  7    Str: 26    XL:     9   Next: 76%
Magic:  8/8        EV:  8    Int:  6    God:    Okawaru [***...]
Gold:   751        SH: 17    Dex: 11    Spells: 8/8 levels left

rFire   . .          .
                       - Unarmed
rCold   + . .        l - +2 kite shield
rNeg    . . .        q - +2 robe {Will+}
rPois   .            (helmet restricted)
rElec   .            A - +0 cloak
rCorr   .            (gloves unavailable)
SInv    .            (boots unavailable)
Will    +....        H - amulet of reflection
Stlth   +            D - ring of protection from cold
HPRegen 1.14/turn    (no ring)
MPRegen 0.11/turn

%: reflection
@: mighty, about to teleport
A: large, unfitting armour, claws 3, regeneration 1, shaggy fur 1, tough skin 1
a: Renounce Religion, Heroism


You were in a bailey.
You worshipped Okawaru.
Okawaru was most pleased with you.
You visited 1 branch of the dungeon, and saw 8 of its levels.
You also visited: Bailey.

You collected 751 gold pieces.

Inventory:

Missiles
 i - 3 throwing nets (quivered)
 p - 12 poisoned darts
 s - 3 javelins
 v - 2 boomerangs
Armour
 a - a +0 robe
 l - a +2 kite shield (worn)
 q - a +2 robe of willpower (worn)
 A - a +0 cloak (worn)
Jewellery
 g - an amulet of guardian spirit
 D - a ring of protection from cold (left claw)
 E - a ring of magical power
 H - an amulet of reflection (around neck)
 I - a ring of wizardry
 O - a ring of positive energy
Wands
 t - a wand of acid (9)
 y - a wand of warping (7)
 F - a wand of digging (4)
 M - a wand of paralysis (11)
Scrolls
 d - 2 scrolls of identify
 h - 3 scrolls of blinking
 k - a scroll of vulnerability {unknown}
 m - 2 scrolls of fear
 r - a scroll of brand weapon {unknown}
 u - 3 scrolls of teleportation
 w - a scroll of noise {unknown}
 x - a scroll of enchant armour {unknown}
 B - 3 scrolls of poison {unknown}
 C - a scroll of immolation {unknown}
 G - 2 scrolls of amnesia {unknown}
 N - a scroll of revelation {unknown}
Potions
 b - a potion of haste
 c - a potion of might
 e - a potion of heal wounds {unknown}
 f - 2 potions of enlightenment {unknown}
 j - a potion of ambrosia {unknown}
 n - a potion of brilliance {unknown}
 z - 2 potions of lignification
 J - 2 potions of mutation {unknown}
 K - 2 potions of cancellation {unknown}
 L - a potion of magic {unknown}


   Skills:
 - Level 5.0 Fighting
 - Level 2.4 Dodging
 + Level 8.9 Shields
 + Level 9.4 Unarmed Combat


You had 8 spell levels left.
You didn't know any spells.
Your spell library contained the following spells:

 Spells                   Type           Power      Damage    Failure   Level
 Slow                     Hex            0%         N/A       65%         1
 Confusing Touch          Hex            0%         N/A       95%         3
 Vampiric Draining        Necr           0%         2d6       95%         3
 Passage of Golubria      Tloc           0%         N/A       100%        4
 Yara's Violent Unravell  Hex/Alch       0%         3d3       100%        5
 Tukima's Dance           Hex            Unusable   N/A       N/A         3

Dungeon Overview and Level Annotations

Branches:
Dungeon (8/15)             Temple (0/1) D:6          Bailey (1/1)
   Lair: D:8-11

Altars:
Dithmenos
Fedhas
Okawaru
Ru
Sif Muna
Uskayaw
Vehumet
The Shining One

Shops:
D:5 [   D:6 *

Annotations:
D:6 1 runed translucent door, Crazy Yiuf


Innate Abilities, Weirdness & Mutations

You are too large for most types of armour.
You have claws for hands.
Your natural rate of healing is unusually fast.
You are covered in fur. (AC +1)
You have tough skin. (AC +1)


Message History

You block the orc's attack. The orc warrior barely misses you.
The orc hits you from afar with a +0 trident.
You mangle the orc knight!!
You kill the orc knight!
Okawaru is honoured by your kill. You block the orc's attack.
An orc comes into view. It is wielding a +0 halberd.
The orc warrior hits you from afar with a +0 glaive!!
* * * LOW HITPOINT WARNING * * *
You block the orc's attack.
Your Unarmed Combat skill increases to level 9!
You scratch the orc.
The orc is heavily wounded.
You claw the orc!
You kill the orc!
Okawaru accepts your kill. You block the orc warrior's attack.
You block the orc's attack. You block the orc's attack.
The orc warrior hits you with a +0 glaive!
* * * LOW HITPOINT WARNING * * *
You block the orc's attack.
You feel better. You block the orc's attack. The orc closely misses you.
You barely miss the orc warrior. You block the orc's attack.
The orc warrior hits you but does no damage.
You block the orc's attack.
Okay, then.
What are your orders? t - Shout!
Orders for allies: a - Attack new target. r - Retreat! s - Stop attacking. g - Guard the area. f - Follow me.
Anything else - Cancel.
Okay, then.
As you read the scroll labelled DONOUK ACSAREC, it crumbles to dust.
You feel strangely unstable.
It was a scroll of teleportation.
The orc misses you. You block the orc warrior's attack.
You block the orc's attack. x2
You block the orc's attack.
The orc warrior hits you from afar with a +0 glaive!
You die...

####..♣≈≈≈≈≈...#
######.$#..♣≈≈≈≈..♣.##
...o...#...≈≈≈≈.....###
.oo.##.♣.≈≈≈≈..♣....♣♣♣
#oo#....≈≈≈≈.........♣♣
#ß.#...######.........♣
#).#.ooo...........∩..♣
#.)'.o....)...........♣
#.)'....@)............♣
#..#...............∩..♣
#ß.#...######.........♣
#..#..o.≈≈≈≈..♣......♣♣
...##...≈≈≈≈..♣♣...♣♣♣
.....#...≈≈≈≈.....###
####. #o.≈≈≈≈≈..# # ##
#..≈≈≈≈... ..≈≈≈≈≈..♣


You could see an orc warrior (strong) and 4 orcs.

Vanquished Creatures
  An orc knight (Bailey)
  Pikel (D:7)
  A steam dragon (D:7)
  A water moccasin (D:7)
  A black bear (D:5)
  2 orc warriors (Bailey)
  2 ogres (D:6)
  A centaur (D:7)
  A lemure (D:7)
  A kobold brigand (D:4)
  2 bullfrogs
  5 wights
  11 killer bees
  A howler monkey (D:4)
  2 hounds
  2 gnoll boudas (D:7)
  2 orc priests
  A jelly (D:6)
  Jessica (D:2)
  5 iguanas
  2 orc wizards
  10 gnolls
  9 adders
  2 shadow imps (D:7)
  3 white imps (D:7)
  4 ufetubi
  4 dart slugs
  2 ribbon worms
  28 orcs
  11 ball pythons
  8 endoplasms
  8 giant cockroaches
  5 goblins
  11 hobgoblins
  13 jackals
  11 kobolds
  5 quokkas
  4 bats
  4 frilled lizards
  5 rats
193 creatures vanquished.

Notes
Turn   | Place    | Note
-------+----------+-------------------------------------------
     0 | D:1      | smashvw the Troll Fighter began the quest for the Orb.
     0 | D:1      | Reached XP level 1. HP: 22/22 MP: 0/0
   191 | D:1      | Reached XP level 2. HP: 29/29 MP: 1/1
  1010 | D:2      | Found a faded altar of an unknown god.
  1157 | D:2      | Reached XP level 3. HP: 33/36 MP: 0/2
  1343 | D:2      | Noticed Jessica
  1357 | D:2      | Killed Jessica
  1422 | D:2      | Reached XP level 4. HP: 45/45 MP: 1/3
  1543 | D:3      | Found a radiant altar of Vehumet.
  1550 | D:3      | Reached skill level 3 in Unarmed Combat
  1714 | D:3      | Reached XP level 5. HP: 53/53 MP: 4/4
  2087 | D:3      | Found a sacrificial altar of Ru.
  2092 | D:3      | Found a blossoming altar of Fedhas.
  2623 | D:4      | Found a hide-covered altar of Uskayaw.
  2661 | D:4      | Reached XP level 6. HP: 56/62 MP: 2/5
  2670 | D:4      | Reached skill level 4 in Unarmed Combat
  3372 | D:4      | Found a shimmering blue altar of Sif Muna.
  3395 | D:5      | Entered Level 5 of the Dungeon
  3502 | D:5      | Found a shadowy altar of Dithmenos.
  3572 | D:5      | Found Fanla's Armour Boutique.
  3602 | D:5      | Found an iron altar of Okawaru.
  3649 | D:5      | Became a worshipper of Warmaster Okawaru
  3872 | D:5      | Reached XP level 7. HP: 71/71 MP: 6/6
  3959 | D:6      | Reached skill level 5 in Shields
  3959 | D:6      | Reached skill level 5 in Unarmed Combat
  3995 | D:6      | Found a staircase to the Ecumenical Temple.
  4047 | D:6      | Reached * piety under Okawaru
  4130 | D:6      | Reached skill level 5 in Fighting
  4398 | D:6      | Found Gottoawn's General Store.
  4405 | D:6      | Reached XP level 8. HP: 80/80 MP: 7/7
  4474 | D:6      | Reached skill level 6 in Unarmed Combat
  4492 | D:6      | Reached ** piety under Okawaru
  4894 | D:6      | Found a runed translucent door.
  4895 | D:6      | Noticed Crazy Yiuf
  5010 | D:7      | Noticed Pikel
  5035 | D:7      | Killed Pikel
  5036 | D:7      | Reached skill level 7 in Unarmed Combat
  5205 | D:7      | Reached XP level 9. HP: 55/88 MP: 8/8
  5361 | D:7      | Found a glowing golden altar of the Shining One.
  5510 | D:7      | Reached skill level 8 in Unarmed Combat
  5630 | D:7      | Reached *** piety under Okawaru
  5727 | D:7      | Identified the +8 chain mail of Responsibility {rElec rPois
                  | Will+}
  5825 | D:8      | Found a flagged portal.
  5915 | Bailey   | Entered a bailey
  5983 | Bailey   | Noticed an orc knight
  6010 | Bailey   | Killed an orc knight
  6011 | Bailey   | Reached skill level 9 in Unarmed Combat
  6013 | Bailey   | HP: 1/88 [orc warrior/+0 glaive (17)]
  6017 | Bailey   | Slain by an orc warrior

Illustrated notes

Levels and vault maps discovered:
D:1:      saegor_arrival_miasma, layout_basic
D:2:      layout_basic, basic_ecumenical_altar, kennysheep_generic_room_15,
          uniq_jessica
D:3:      layout_basic, minitemple, nicolae_vehumet_radiance
D:4:      minmay_polygon_palace, layout_basic, lemuel_coloured_pillars_altar,
          mainiacjoe_overflow_cross_hatched
D:5:      layout_rooms, okawaru_gym_becter,
          nicolae_dithmenos_through_a_glass_darkly, serial_shops,
          nicolae_take_the_stairs
D:6:      layout_loops_corners, minmay_temple_entry_large_hall, serial_shops,
          shop, dk_rats_in_the_wall, uniq_crazy_yiuf_cottage
D:7:      layout_basic, lemuel_crystal_altar, kennysheep_generic_room_6,
          uniq_pikel
D:8:      layout_basic, slow_altar_1, makhleb_grotto_becter, enter_bailey_1,
          st_stairs_14
Bailey:   bailey_polearm_elven_captive_hellmonk, bailey

Skill      XL: |  1  2  3  4  5  6  7  8  9 |
---------------+----------------------------+-----
Shields        | 3 4 5 7 8 |  8.9
Fighting       | 3 4 5 |  5.0
Unarmed Combat | 3 4 5 7 9 |  9.4
Dodging        | |  2.4

Action                     |  1- 3 |  4- 6 |  7- 9 || total
---------------------------+-------+-------+-------++-------
  Melee: Unarmed           |   105 |   233 |   260 ||   598
    Use: Potion            |       |       |     5 ||     5
         Scroll            |       |       |     3 ||     3
   Stab: Sleeping          |       |     1 |       ||     1
 Armour: Robe              |    48 |   127 |   153 ||   328
         Skin              |       |       |    20 ||    20
  Dodge: Dodged            |    26 |    56 |    70 ||   152
  Block: Kite shield       |    41 |   107 |   303 ||   451
         Reflection        |       |       |     4 ||     4

Table legend: (Time is in decaauts)
 A = Elapsed time spent in this place.
 B = Non-inter-level travel time spent in this place.
 C = Inter-level travel time spent in this place.
 D = Time resting spent in this place.
 E = Time spent auto-exploring this place.
 F = Levels seen in this place.
 G = Mean time per level.
                   A        B        C        D        E       F      G
               +--------+--------+--------+--------+--------+-----+--------+
         Total |   6002 |   5790 |    212 |     91 |   4460 |   9 |  666.9 |
       Dungeon |   5902 |   5690 |    212 |     91 |   4417 |   8 |  737.8 |
        Bailey |     99 |     99 |      0 |      0 |     43 |   1 |   99.0 |
               +--------+--------+--------+--------+--------+-----+--------+

Top non-repeatable levels by time:
     D:6: 1066 daAuts
     D:3: 996 daAuts
     D:1: 956 daAuts
     D:4: 885 daAuts
     D:7: 784 daAuts
     D:2: 573 daAuts
     D:5: 535 daAuts
     D:8: 104 daAuts
  Bailey: 99 daAuts
